 Dungeon Crawl Stone Soup version 0.17-a0-1181-gabc46e6 (webtiles) character file.

466 Murumi the Shield-Bearer (level 7, -20/54 HPs)
             Began as a Formicid Fighter on May 31, 2015.
             Demolished by an ogre
             ... wielding a +0 giant spiked club
              (24 damage)
             ... on level 4 of the Dungeon.
             The game lasted 00:18:55 (4064 turns).

Murumi the Shield-Bearer (Formicid Fighter)         Turns: 4064, Time: 00:18:55

Health: -20/54     AC:  9    Str: 22    XL:     7   Next: 30%
Magic:  7/7        EV:  6    Int:  8    God:
Gold:   161        SH: 10    Dex: 12    Spells: 0 memorised, 6 levels left

rFire  . . .     SeeInvis +     a - +1 long sword
rCold  . . .     Clarity  .     p - +0 chain mail
rNeg   . . .     SustAt   .     c - +0 shield
rPois  .         Gourm    .     (helmet unavailable)
rElec  .         Spirit   .     (no cloak)
rCorr  .         Warding  .     (no gloves)
rMut   .         Stasis   +     (no boots)
MR     +....                    (no amulet)
Stlth  ..........               m - +2 ring of dexterity
                                l - ring of protection from magic

@: somewhat resistant to hostile enchantments, extremely unstealthy
A: permanent stasis, dig shafts and tunnels, four strong arms, antennae 3
a: Dig, Shaft Self


You were on level 4 of the Dungeon.
You were not hungry.

You visited 1 branch of the dungeon, and saw 4 of its levels.

You collected 251 gold pieces.
You spent 90 gold pieces at shops.

Inventory:

Hand weapons
 a - a +1 long sword (weapon)
Missiles
 b - 22 bolts
 s - 8 bolts of frost
Armour
 c - a +0 shield (worn)
 p - a +0 chain mail (worn)
Jewellery
 l - a ring of protection from magic (left hand)
 m - a +2 ring of dexterity (right hand)
 o - an uncursed ring of poison resistance
Scrolls
 q - 3 scrolls of enchant weapon
Potions
 d - 2 potions of might
 f - a potion of magic
 g - a potion of heal wounds {unknown}
 i - 2 potions of curing
 j - a potion of brilliance {unknown}
 n - a potion of mutation {unknown}
Comestibles
 e - 2 bread rations
 h - a royal jelly
 k - 5 fruits
 r - a meat ration


   Skills:
 - Level 4.0 Fighting
 - Level 5.0 Long Blades
 - Level 5.1 Armour
 + Level 5.5 Shields


You had 6 spell levels left.
You didn't know any spells.

Dungeon Overview and Level Annotations

Branches:
Dungeon (4/15)
 Temple: D:4-7

Altars:
Ashenzari
Dithmenos
Kikubaaqudgha
Okawaru
Ru
Trog
Zin


Innate Abilities, Weirdness & Mutations

You are under a permanent stasis effect.
You can dig through walls and to a lower floor.
Your four strong arms can wield two-handed weapons with a shield.
You have a pair of large antennae on your head (SInv).


Message History

Ouch! That really hurt!
* * * LOW HITPOINT WARNING * * *
You are too injured to fight recklessly!
You hit the ogre.
The ogre is moderately wounded.
You block the ogre's attack.
You slash the ogre!
The ogre is heavily wounded.
The ogre hits you with a giant spiked club.
* * * LOW HITPOINT WARNING * * *
You barely miss the ogre.
The ogre is heavily wounded.
You hit the ogre.
The ogre is severely wounded.
The ogre hits you with a giant spiked club!
* * * LOW HITPOINT WARNING * * *
You hit the ogre.
The ogre is severely wounded.
The ogre hits you with a giant spiked club!!
You die...

############ #..........#
########...$......##########
#.....##.........!#.........
#.....##..........#.########
#.....##..........#.#.......
######.....##†..@O.....#.#.######
.....'.....''..........#.#.#..<..
######.....##..).......#.#.#...#.
#.....###+#########.#.#####( ####
#.....###..########.#....... ...#
####.............##.######## ...#
#.............##......... ...#
#.............########### ...+
..............'.)......).


You could see an ogre.

Vanquished Creatures
  An ogre (D:4)
  2 orc priests (D:4)
  2 iguanas (D:4)
  Terence (D:3)
  2 worker ants (D:4)
  Natasha (D:3)
  3 adders
  4 gnolls (D:3)
  An ooze (D:3)
  An adder skeleton (D:4)
  2 worms (D:2)
  7 orcs
  A ball python (D:3)
  4 giant cockroaches
  8 hobgoblins
  4 jackals
  5 quokkas
  16 bats
  4 giant geckos
  2 giant gecko skeletons (D:4)
  7 giant newts
  11 goblins
  5 kobolds
  A quokka skeleton (D:4)
  7 rats
102 creatures vanquished.

Vanquished Creatures (others)
  A human (D:3)
1 creature vanquished.

Grand Total: 103 creatures vanquished

Notes
Turn   | Place    | Note
--------------------------------------------------------------
     0 | D:1      | Murumi the Formicid Fighter began the quest for the Orb.
     0 | D:1      | Reached XP level 1. HP: 18/18 MP: 1/1
    59 | D:1      | Reached skill level 4 in Shields
   130 | D:1      | Reached XP level 2. HP: 24/24 MP: 2/2
   548 | D:1      | Reached XP level 3. HP: 16/29 MP: 3/3
  1654 | D:2      | Reached XP level 4. HP: 31/35 MP: 4/4
  1673 | D:2      | Found a shadowy altar of Dithmenos.
  2163 | D:3      | Found an ancient bone altar of Kikubaaqudgha.
  2163 | D:3      | Found Zin's Purification Station.
  2163 | D:3      | Found a glowing silver altar of Zin.
  2163 | D:3      | Noticed a human
  2166 | D:3      | Bought a potion of curing for 90 gold pieces
  2167 | D:3      | Killed a human
  2175 | D:3      | Found an iron altar of Okawaru.
  2197 | D:3      | Noticed Natasha
  2242 | D:3      | Killed Natasha
  2492 | D:3      | Found a sacrificial altar of Ru.
  2585 | D:3      | Reached XP level 5. HP: 38/41 MP: 5/5
  2592 | D:3      | Noticed Terence
  2609 | D:3      | Found a bloodstained altar of Trog.
  2624 | D:3      | Killed Terence
  2624 | D:3      | Reached skill level 5 in Long Blades
  2682 | D:3      | Found a shattered altar of Ashenzari.
  3080 | D:3      | Reached XP level 6. HP: 47/47 MP: 6/6
  3477 | D:4      | Reached skill level 5 in Shields
  3846 | D:4      | Reached XP level 7. HP: 54/54 MP: 7/7
  3959 | D:4      | Reached skill level 5 in Armour
  4064 | D:4      | Demolished by an ogre

Vault maps used:
D:1:      onia_arrival_larder
D:2:      nicolae_dithmenos_through_a_glass_darkly
D:3:      lemuel_doored_altar, old_standard_altar,
          lemuel_coloured_pillars_altar, zin_purify, lemuel_round_altar,
          first_bread, tgw_kikubaaqudgha, uniq_natasha, uniq_terence

Action                   |  1- 3 |  4- 6 |  7- 9 || total
-------------------------+-------+-------+-------++-------
Melee: Long sword        |   145 |   221 |    44 ||   410
 Abil: Dig               |       |     4 |       ||     4
  Use: Scroll            |     4 |     2 |       ||     6
       Potion            |       |     1 |       ||     1
  Eat: Chunk             |     3 |     7 |     1 ||    11
